 Dungeon Crawl Stone Soup version 0.22.1-5-g62c59d9 (webtiles) character file.

226 Tr0llz0r the Chopper (level 5, 0/39 HPs)
             Began as a Demonspawn Gladiator on Jan 10, 2019.
             Succumbed to an adder's poison
             ... on level 2 of the Dungeon.
             The game lasted 00:05:28 (2055 turns).

Tr0llz0r the Chopper (Demonspawn Gladiator)         Turns: 2055, Time: 00:05:29

Health: 0/39       AC:  5    Str: 15    XL:     5   Next: 69%
Magic:  5/5        EV: 13    Int:  9    God:
Gold:   34         SH:  0    Dex: 15    Spells: 4/4 levels left

rFire    + . .     SeeInvis .   a - +0 war axe
rCold    + . .     Gourm    .   (no shield)
rNeg     + . .     Faith    .   b - +0 leather armour
rPois    .         Spirit   .   (helmet restricted)
rElec    .         Reflect  .   h - scarf {rC+ rF+}
rCorr    .         Harm     .   k - +0 pair of gloves
MR       .....                  n - +0 pair of boots
Stlth    +++.......             (no amulet)
HPRegen  0.13/turn              g - ring of positive energy
MPRegen  0.09/turn              (no ring)

@: lethally poisoned (0 -> -1)
A: antennae 1, nightstalker 1, powered by pain 1
a: no special abilities


You were on level 2 of the Dungeon.
You were not hungry.

You visited 1 branch of the dungeon, and saw 2 of its levels.

You collected 34 gold pieces.

Inventory:

Hand Weapons
 a - a +0 war axe (weapon)
Missiles
 d - 2 throwing nets (quivered)
 i - 67 stones
 j - 11 bolts
Armour
 b - a +0 leather armour (worn)
 h - a scarf of resistance (worn)
 k - a +0 pair of gloves (worn)
 n - a +0 pair of boots (worn)
Jewellery
 g - a ring of positive energy (left hand)
Wands
 l - a wand of flame (31)
Scrolls
 c - a scroll of identify
 e - 2 scrolls of remove curse
Comestibles
 f - 2 rations


   Skills:
 + Level 2.7 Fighting
 + Level 4.0 Axes
 + Level 2.0 Throwing
 + Level 1.9 Armour
 + Level 3.4 Dodging
 + Level 1.8 Stealth


You had 4 spell levels left.
You didn't know any spells.
Your spell library was empty.

Dungeon Overview and Level Annotations

Branches:
Dungeon (2/15)

Altars:
Cheibriados
Wu Jian


Innate Abilities, Weirdness & Mutations

You have a pair of small antennae on your head.
You are slightly more attuned to the shadows.
You sometimes gain a little power by taking damage.


Message History

You aren't carrying any potions.
* * * LOW HITPOINT WARNING * * *
You feel sick.
* * * LOW HITPOINT WARNING * * *
You feel sick.
* * * LOW HITPOINT WARNING * * *
You feel sick.
* * * LOW HITPOINT WARNING * * *
You feel sick.
* * * LOW HITPOINT WARNING * * *
You feel sick.
* * * LOW HITPOINT WARNING * * *
You feel sick.
* * * LOW HITPOINT WARNING * * *
You feel sick.
* * * LOW HITPOINT WARNING * * *
You feel sick.
* * * LOW HITPOINT WARNING * * *
You feel sick.
You die...

### ... #.# #.#
#.# #@# #### #.#
#.. # #.#
#.###.##.#
#.###...#.##.#
#.........##.#####
#######.####......
#.# #......
#.####......
#...........


There were no monsters in sight!

Vanquished Creatures
  Sigmund (D:2)
  An adder (D:2)
  An ooze (D:2)
  2 worms (D:2)
  2 dart slugs (D:1)
  2 leopard geckos (D:1)
  A ball python (D:1)
  3 giant cockroaches
  9 hobgoblins
  6 bats
  A frilled lizard (D:1)
  6 goblins (D:1)
  5 kobolds
  3 rats
43 creatures vanquished.

Notes
Turn   | Place    | Note
-------+----------+-------------------------------------------
     0 | D:1      | Tr0llz0r the Demonspawn Gladiator began the quest for the
                  | Orb.
     0 | D:1      | Reached XP level 1. HP: 16/16 MP: 1/1
    90 | D:1      | Gained mutation: You have a pair of small antennae on your
                  | head. [demonic ancestry]
    90 | D:1      | Reached XP level 2. HP: 9/22 MP: 2/2
   113 | D:1      | Reached skill level 3 in Axes
   740 | D:1      | Gained mutation: You are slightly more attuned to the
                  | shadows. [demonic ancestry]
   740 | D:1      | Reached XP level 3. HP: 23/27 MP: 3/3
  1547 | D:2      | Noticed Sigmund
  1561 | D:2      | Killed Sigmund
  1561 | D:2      | Reached skill level 1 in Armour
  1561 | D:2      | Reached skill level 1 in Stealth
  1561 | D:2      | Gained mutation: You sometimes gain a little power by
                  | taking damage. [demonic ancestry]
  1561 | D:2      | Reached XP level 4. HP: 25/34 MP: 4/4
  1561 | D:2      | Reached XP level 5. HP: 29/39 MP: 5/5
  1567 | D:2      | Reached skill level 4 in Axes
  1573 | D:2      | Found an ornate altar of the Wu Jian Council.
  1753 | D:2      | Found a snail-covered altar of Cheibriados.
  2043 | D:2      | HP: 1/39 [poisoned by an adder]
  2051 | D:2      | HP: 1/39 [poisoned by an adder]
  2055 | D:2      | Succumbed to an adder's poison

Skill      XL: |  1  2  3  4  5 |
---------------+----------------+-----
Dodging        | 3 |  3.4
Axes           | 3 4 |  4.0
Throwing       | 2 |  2.0
Armour         | 1 |  1.9
Stealth        | 1 |  1.8
Fighting       | |  2.7

Action                   |  1- 3 |  4- 6 || total
-------------------------+-------+-------++-------
Melee: War axe           |    74 |    36 ||   110
Throw: Throwing net      |     2 |       ||     2
  Use: Potion            |     5 |       ||     5
       Scroll            |     3 |     2 ||     5
 Stab: Sleeping          |     3 |     1 ||     4
       Held in net/web   |     1 |       ||     1
  Eat: Ration            |     1 |       ||     1
Armor: Leather armour    |    31 |    10 ||    41
Dodge: Dodged            |   108 |    25 ||   133
